 Dungeon Crawl Stone Soup version 0.22.1-2-g9c5b331383 (webtiles) character file.

267 Descartes the Insei (level 6, -2/29 HPs)
             Began as a Vine Stalker Transmuter on Dec 9, 2018.
             Was an Initiate of Qazlal.
             Slain by a thrashing horror (4 damage)
             ... on level 1 of the Abyss.
             The game lasted 00:12:54 (4244 turns).

Descartes the Insei (Vine Stalker Transmuter)       Turns: 4244, Time: 00:12:55

Health: -2/29      AC:  4    Str: 12    XL:     6   Next: 21%
Magic:  0/10       EV: 12    Int: 15    God:    Qazlal [......]
Gold:   234        SH:  0    Dex: 15    Spells: 7/10 levels left

rFire    x . .     SeeInvis .     - Unarmed
rCold    + . .     Gourm    .   (no shield)
rNeg     . . .     Faith    .   p - +0 leather armour (curse)
rPois    .         Spirit   +   n - +0 helmet
rElec    .         Reflect  .   (no cloak)
rCorr    .         Harm     .   (no gloves)
MR       .....                  (boots currently unavailable)
Stlth    +.........             (no amulet)
HPRegen  0.49/turn              o - ring of ice
MPRegen  0.12/turn              (no ring)

@: appendage (expiring)
A: fangs 2, talons 3, regeneration 1, magic shield, antimagic bite, no potion
heal 3, rot immunity
a: End Transformation, Renounce Religion


You were on level 1 of the Abyss.
You worshipped Qazlal.
Qazlal was noncommittal.
You were not hungry.
You had grown temporary talons.
You visited 2 branches of the dungeon, and saw 5 of its levels.
You visited the Abyss 1 time.

You collected 234 gold pieces.

Inventory:

Hand Weapons
 b - a +0 hunting sling
Missiles
 a - 62 arrows
 j - 156 stones (quivered)
Armour
 n - a +0 helmet (worn)
 p - a cursed +0 leather armour (worn)
Jewellery
 o - a ring of ice (left hand)
Scrolls
 e - 3 scrolls of teleportation
 k - a scroll of fear {unknown}
 l - 2 scrolls of fog {unknown}
 q - 2 scrolls of remove curse {unknown}
Potions
 c - a potion of mutation {unknown}
 f - a potion of magic {unknown}
 h - a potion of berserk rage
 i - 2 potions of curing {unknown}
 m - a potion of resistance
 r - a potion of agility {unknown}
Comestibles
 d - 3 rations
 g - 6 chunks of flesh


   Skills:
 - Level 0.8 Fighting
 + Level 2.5 Dodging
 - Level 0.3 Stealth
 * Level 4.6 Unarmed Combat
 + Level 2.6 Spellcasting
 * Level 4.1 Transmutations
 * Level 0.4 Invocations


You had 7 spell levels left.
You knew the following spells:

 Your Spells              Type           Power        Failure   Level  Hunger
a - Beastly Appendage     Tmut           ##....       4%          1    #......
b - Sticks to Snakes      Tmut           ##......     8%          2    ###....

Your spell library contained the following spells:

 Spells                   Type           Power        Failure   Level  Hunger
 Spider Form              Tmut/Pois      #.........   34%         3    ###....
 Ice Form                 Ice/Tmut       ##......     75%         4    #####..
 Blade Hands              Tmut           ##........   80%         5    ######.


Dungeon Overview and Level Annotations

Branches:
Dungeon (4/15)             Temple (1/1) D:4

Altars:
Ashenzari
Cheibriados
Elyvilon
Fedhas
Gozag
Hepliaklqana
Kikubaaqudgha
Makhleb
Nemelex Xobeh
Okawaru
Qazlal
Ru
Trog
Vehumet
Wu Jian
Xom
Yredelemnul
Zin
The Shining One

Annotations:
D:4 Blork the orc


Innate Abilities, Weirdness & Mutations

You have extremely sharp teeth.
Your natural rate of healing is unusually fast.
When hurt, damage is shared between your health and your magic reserves.
Your bite disrupts and absorbs the magic of your enemies.
Potions cannot restore your health.
You are immune to rotting.
You have claws for feet.


Message History

The thrashing horror roars!
You hit the shadow imp. You claw the shadow imp.
You kill the shadow imp!
Qazlal accepts your kill. The thrashing horror tramples you.
You stumble backwards!
The thrashing horror roars!
The thrashing horror closely misses you. x2
The thrashing horror roars!
The thrashing horror tramples you.
You stumble backwards!
The thrashing horror roars!
The thrashing horror tramples you!
* * * LOW HITPOINT WARNING * * *
You stumble backwards!
Your transformation is almost over.
The thrashing horror roars!
The thrashing horror tramples you.
* * * LOW HITPOINT WARNING * * *
You stumble backwards!
The thrashing horror misses you. The thrashing horror tramples you.
You die...

#.....#ยง.## .....
# #.###....# #.#
..## #....##..# #
...##..## #.#.#
#.##.#...##..##..#
#.........# ..##..
#.##.#...###.##
#... # ##X## .##
.#.. # #@# . ##
#.# .. #+#


You could see a thrashing horror.

Vanquished Creatures
  2 orc priests
  A worker ant (D:4)
  A gnoll (D:1)
  7 adders
  A shadow imp (Abyss:1)
  5 worms
  4 dart slugs
  10 orcs
  A giant cockroach (D:2)
  8 hobgoblins
  4 jackals (D:1)
  A quokka (D:2)
  6 bats
  4 frilled lizards
  11 goblins
  8 kobolds
  3 rats (D:2)
77 creatures vanquished.

Notes
Turn   | Place    | Note
-------+----------+-------------------------------------------
     0 | D:1      | Descartes the Vine Stalker Transmuter began the quest for
                  | the Orb.
     0 | D:1      | Reached XP level 1. HP: 9/9 MP: 4/4
   154 | D:1      | Reached XP level 2. HP: 10/14 MP: 4/6
   161 | D:1      | Learned a level 2 spell: Sticks to Snakes
   855 | D:1      | Reached XP level 3. HP: 2/17 MP: 4/7
  1946 | D:2      | Gained mutation: Your natural rate of healing is unusually
                  | fast. [Vine Stalker growth]
  1946 | D:2      | Reached XP level 4. HP: 12/21 MP: 6/8
  2425 | D:2      | Found a white marble altar of Elyvilon.
  2858 | D:2      | Became a worshipper of Elyvilon the Healer
  2957 | D:3      | Reached XP level 5. HP: 25/25 MP: 9/9
  3014 | D:3      | HP: 1/25 [orc/dagger of speed (3)]
  3016 | D:3      | Elyvilon protects you from harm!
  3748 | D:4      | Reached XP level 6. HP: 11/29 MP: 5/10
  3813 | D:4      | Found a staircase to the Ecumenical Temple.
  3827 | D:4      | Reached * piety under Elyvilon
  3830 | Temple   | Entered the Ecumenical Temple
  3943 | Temple   | Fell from the grace of Elyvilon
  3943 | Temple   | Became a worshipper of Qazlal Stormbringer
  4182 | D:4      | Noticed Blork the orc
  4183 | D:4      | Cast into level 1 of the Abyss (Blork the orc)
  4229 | Abyss:1  | Noticed a thrashing horror
  4244 | Abyss:1  | Slain by a thrashing horror

Skill      XL: |  1  2  3  4  5 |
---------------+----------------+-----
Dodging        | 2 |  2.5
Transmutations | 3 4 |  4.1
Unarmed Combat | 4 |  4.6
Fighting       | |  0.8
Stealth        | |  0.3
Spellcasting   | |  2.6
Invocations    | |  0.4

Action                   |  1- 3 |  4- 6 || total
-------------------------+-------+-------++-------
Melee: Unarmed           |   103 |   196 ||   299
       Bite              |    17 |    50 ||    67
       Headbutt          |     7 |       ||     7
       Kick              |     3 |    21 ||    24
       Punch             |     2 |     2 ||     4
 Cast: Beastly Appendage |    15 |    22 ||    37
  Use: Scroll            |       |     4 ||     4
 Stab: Sleeping          |       |     2 ||     2
  Eat: Chunk             |     4 |     7 ||    11
Armor: Robe              |    15 |    18 ||    33
       Leather armour    |       |    10 ||    10
Dodge: Dodged            |    57 |   105 ||   162
